 Dungeon Crawl Stone Soup version 0.26-a0-652-gafc20e3620 (webtiles) character file.

Game seed: 8674377922836347467

48 grandjackal the Magician (level 3, 0/29 HPs)
             Began as a Draconian Hedge Wizard on Oct 2, 2020.
             Slain by Sigmund
             ... wielding a +0 scythe
              (8 damage)
             ... on level 2 of the Dungeon.
             The game lasted 00:02:32 (1329 turns).

grandjackal the Magician (Draconian Hedge Wizard)   Turns: 1329, Time: 00:02:33

Health: 0/29       AC:  5    Str: 12    XL:     3   Next: 50%
Magic:  2/7        EV: 12    Int: 15    God:
Gold:   88         SH:  0    Dex: 10    Spells: 2/8 levels left

rFire    . . .     SeeInvis .   o - +0 dagger (vamp)
rCold    . . .     Faith    .   (no shield)
rNeg     . . .     Spirit   .   (armour unavailable)
rPois    .         Reflect  .   b - +0 hat
rElec    .         Harm     .   (no cloak)
rCorr    .         Rampage  .   (no gloves)
MR       .....                  (no boots)
Stlth    +.........             (no amulet)
HPRegen  0.09/turn              (no ring)
MPRegen  0.10/turn              (no ring)

@: confused
A: unfitting armour, cold-blooded, AC +5
a: no special abilities


You were on level 2 of the Dungeon.
You visited 1 branch of the dungeon, and saw 2 of its levels.

You collected 88 gold pieces.

Inventory:

Hand Weapons
 o - a +0 vampiric dagger (weapon)
Armour
 b - a +0 hat (worn)
Jewellery
 k - a cursed ring of teleportation {unknown}
Scrolls
 a - a scroll of blinking {unknown}
 e - a scroll of magic mapping {unknown}
 j - a scroll of remove curse {unknown}
 m - a scroll of fog {unknown}
 n - 2 scrolls of amnesia {unknown}
Potions
 c - a potion of ambrosia {unknown}
 d - a potion of invisibility {unknown}
 f - a potion of curing {unknown}
 g - 2 potions of flight {unknown}
 h - a potion of haste {unknown}
 i - a potion of stabbing {unknown}
 l - a potion of lignification {unknown}


   Skills:
 + Level 1.8 Fighting
 + Level 2.5 Dodging
 - Level 1.7 Stealth
 - Level 3.0 Spellcasting
 + Level 2.1 Conjurations
   Level 1.0 Summonings
 - Level 1.0 Translocations


You had 2 spell levels left.
You knew the following spells:

 Your Spells              Type           Power        Failure   Level
a - Magic Dart            Conj           #...         9%          1
b - Blink                 Tloc           N/A          21%         2
c - Mephitic Cloud        Conj/Pois/Air  #.......     41%         3

Your spell library contained the following spells:

 Spells                   Type           Power        Failure   Level
 Call Imp                 Summ           #.......     21%         2
 Slow                     Hex            #.......     30%         2
 Conjure Flame            Conj/Fire      #.......     36%         3


Dungeon Overview and Level Annotations

Branches:
Dungeon (2/15)

Altars:

Annotations:
D:2 Sigmund


Innate Abilities, Weirdness & Mutations

Your plain brown scales are hard. (AC +5)
You cannot fit into any form of body armour.
You are cold-blooded and may be slowed by cold attacks.


Message History

Sigmund hits you from afar with a +0 scythe!
Unknown command.
Casting: Mephitic Cloud (extremely dangerous; 41% risk of failure)
Confirm with . or Enter, or press ? or * to list all spells.
You don't have enough magic to cast that spell.
Sigmund casts a spell at you. The magic dart hits you.
Sigmund casts a spell at you.
You are confused.
You bump into the rock wall.
Sigmund casts a spell at you. The magic dart hits you.
* * * LOW HITPOINT WARNING * * *
You bump into the rock wall.
You bump into the rock wall.
Your magical contamination has completely faded away.
You bump into the rock wall.
You bump into the rock wall.
Sigmund hits you from afar with a +0 scythe!
You die...

.......>......# #..#
...#.########.# #..#
...#.### #.# #..#
..##...## #.# #..###
###.....## #.######....#
##..#....####.##.....##.#
##.###.............####.#
## ##...######.#.# #.#
#.#.# #@#)# #.# ###.#
#.#.# #.# ### #@#.# #.#
##.#.####.#
..###.........#
#........######
##.#####.# #. ### #.# #
##.###.#


You could see Sigmund.

Vanquished Creatures
  An ooze (D:1)
  3 dart slugs (D:1)
  2 leopard geckos (D:1)
  A giant cockroach (D:1)
  4 goblins (D:1)
  A hobgoblin (D:1)
  4 jackals (D:1)
  4 bats
  4 frilled lizards (D:1)
  6 kobolds (D:1)
  6 rats
36 creatures vanquished.

Vanquished Creatures (others)
  4 plants (D:1)
4 creatures vanquished.

Grand Total: 40 creatures vanquished

Notes
Turn   | Place    | Note
-------+----------+-------------------------------------------
     0 | D:1      | grandjackal the Draconian Hedge Wizard began the quest for
                  | the Orb.
     0 | D:1      | Reached XP level 1. HP: 14/14 MP: 4/4
   110 | D:1      | Reached XP level 2. HP: 22/22 MP: 0/6
   131 | D:1      | Reached skill level 1 in Fighting
   580 | D:1      | Reached XP level 3. HP: 28/28 MP: 7/7
  1203 | D:1      | Learned a level 2 spell: Blink
  1207 | D:1      | Learned a level 3 spell: Mephitic Cloud
  1303 | D:2      | Noticed Sigmund
  1329 | D:2      | Slain by Sigmund

Illustrated notes

Levels and vault maps discovered:
D:1:      nagdon_arrival_double_spiral, layout_rooms, serial_bayou_ford_a
D:2:      minmay_skewed_foursquare, layout_loops_ring, minmay_pentomino_v2,
          uniq_sigmund

Skill      XL: |  1  2  3 |
---------------+----------+-----
Dodging        | 2 |  2.5
Fighting       | 1 |  1.8
Conjurations   | 2 |  2.1
Stealth        | |  1.7
Spellcasting   | |  3.0
Summonings     | |  1.0
Translocations | |  1.0

Action                   || total
-------------------------++-------
Melee: Dagger            ||   121
       Tailslap          ||    12
 Cast: Magic Dart        ||    41
Armor: Skin              ||    34
Dodge: Dodged            ||    96

Table legend: (Time is in decaauts)
 A = Elapsed time spent in this place.
 B = Non-inter-level travel time spent in this place.
 C = Inter-level travel time spent in this place.
 D = Time resting spent in this place.
 E = Time spent auto-exploring this place.
 F = Levels seen in this place.
 G = Mean time per level.
                   A        B        C        D        E       F      G
               +--------+--------+--------+--------+--------+-----+--------+
         Total |   1340 |   1316 |     24 |    465 |    540 |   2 |  670.0 |
       Dungeon |   1340 |   1316 |     24 |    465 |    540 |   2 |  670.0 |
               +--------+--------+--------+--------+--------+-----+--------+

Top non-repeatable levels by time:
     D:1: 1243 daAuts
     D:2: 97 daAuts
